 Dungeon Crawl Stone Soup version 0.18-a0-1526-gcb34c7c (webtiles) character file.

2281 Yevrel the Nimble (level 9, -2/78 HPs)
             Began as a Minotaur Berserker on Mar 8, 2016.
             Was a High Priest of Trog.
             Killed from afar by an electric eel (8 damage)
             ... with a bolt of electricity
             ... on level 7 of the Dungeon.
             The game lasted 00:21:18 (5229 turns).

Yevrel the Nimble (Minotaur Berserker)              Turns: 5229, Time: 00:21:19

Health: -2/78      AC: 17    Str: 25    XL:     9   Next: 16%
Magic:  8/8        EV: 18    Int:  4    God:    Trog [*****.]
Gold:   295        SH:  0    Dex: 10    Spells: 0 memorised, 8 levels left

rFire  . . .     SeeInvis .     F - +4 quarterstaff (chaos)
rCold  . . .     Gourm    .     D - +0 scale mail
rNeg   . . .     Faith    .     (shield currently unavailable)
rPois  .         Spirit   .     (helmet restricted)
rElec  .         Dismiss  .     t - +0 cloak (curse)
rCorr  .         Reflect  .     q - +1 pair of gloves
SustAt .         Harm     .     v - +1 pair of boots
MR     .....                    (no amulet)
Stlth  ..........               r - +5 ring of protection
                                w - +4 ring of evasion

@: about to teleport, not resistant to hostile enchantments, extremely
unstealthy
A: retaliatory headbutt, horns 2
a: Berserk, Trog's Hand, Brothers in Arms, Burn Spellbooks, Renounce Religion


You were on level 7 of the Dungeon.
You worshipped Trog.
Trog was extremely pleased with you.
You were not hungry.

You visited 1 branch of the dungeon, and saw 7 of its levels.

You collected 295 gold pieces.

Inventory:

Hand Weapons
 a - a +0 mace
 A - a +0 scythe
 F - a +4 quarterstaff of chaos (weapon)
 G - the +3 hand axe "Veuxzaer" {vamp, SInv, unknown}
   (You took it off an orc wizard on level 5 of the Dungeon)

   It inflicts no extra harm, but heals its wielder somewhat when it strikes a
   living foe.
   It lets you see invisible.
Missiles
 k - 3 silver tomahawks (quivered)
Armour
 b - a +0 animal skin
 q - a +1 pair of gloves (worn)
 t - a cursed +0 cloak (worn)
 v - a +1 pair of boots (worn)
 y - a +0 leather armour
 D - a +0 scale mail (worn)
 I - the +2 leather armour of Surprise {rC+ Str+4 Int+4, unknown}
   (You found it on level 5 of the Dungeon)

   It affects your strength (+4).
   It affects your intelligence (+4).
   It protects you from cold.
Jewellery
 h - an uncursed ring of flight
 r - a +5 ring of protection (right hand)
 w - a +4 ring of evasion (left hand)
Wands
 d - a wand of digging (9/24)
 B - a wand of random effects (17/48)
 C - a wand of lightning (6/15)
Scrolls
 e - 2 scrolls of recharging
 f - a scroll of fear {unknown}
 g - 4 scrolls of remove curse
 i - a scroll of teleportation
 j - a scroll of identify
 l - 2 scrolls of random uselessness
 J - 2 scrolls of blinking
Potions
 m - 5 potions of curing
 p - a potion of mutation {unknown}
 s - 2 potions of magic
 x - 3 potions of lignification
 z - 2 potions of ambrosia
 E - 2 potions of brilliance {unknown}
 H - a potion of resistance {unknown}
 M - 3 potions of degeneration
Comestibles
 c - 2 bread rations
 o - a fruit
 K - a meat ration


   Skills:
 + Level 6.4 Fighting
 - Level 6.4(6.6) Maces & Flails
 + Level 2.1(4.6) Staves
 + Level 4.9 Armour
 + Level 10.2 Dodging
 + Level 2.4 Stealth


You had 8 spell levels left.
You didn't know any spells.

Dungeon Overview and Level Annotations

Branches:
Dungeon (7/15)             Temple (0/1) D:6

Altars:
Makhleb
Sif Muna

Shops:
D:7 :


Innate Abilities, Weirdness & Mutations

You reflexively headbutt those who attack you in melee.
You have a pair of horns on your head.


Message History

Drink which item? (? for menu, Esc to quit)
You feel better.
The electric eel shoots out a bolt of lightning at you!
The bolt of electricity hits you!
An electric eel comes into view.
You closely miss the electric eel. Your headbutt misses the electric eel.
The electric eel shoots out a bolt of lightning at you!
The bolt of electricity hits you!
* * * LOW HITPOINT WARNING * * *
The electric eel shoots out a bolt of lightning at you!
The bolt of electricity hits you!
* * * LOW HITPOINT WARNING * * *
Read which item? (? for menu, Esc to quit)
As you read the scroll of teleportation, it crumbles to dust.
You feel strangely unstable.
The electric eel shoots out a bolt of lightning at you!
The bolt of electricity hits you!
The electric eel shoots out a bolt of lightning at you!
The bolt of electricity hits you!
You die...

###.#.#####.##≈≈≈≈≈≈≈..≈≈≈≈≈≈≈* #
#.#.#####.##≈..............≈*
###.....(...##≈.♣♣♣♣....♣♣♣♣.≈*
........######≈.♣ ♣....♣ *,≈*
..#####.# #≈.♣ ♣....♣ *,≈*
........######≈.♣♣♣♣....♣♣♣♣.≈*
...#.........#≈..............≈*
.....#...#####≈..............≈***
#......#.###*#;.@............≈*,,
#...##...#..,#≈..............≈**,
........##.#*#≈.♣♣♣♣....♣♣♣♣.≈**,
#....∩.###.# #≈.♣ ♣....♣ *.≈*,,
##...#...#.# #≈.♣ ♣....♣ *,≈*,,
#.........# #≈.♣**♣....♣***,≈*,,
##.........###;..,,....:..,,,≈*,,
......<.....##≈≈≈≈≈≈≈..≈≈≈≈≈≈≈*,*
........†...#****####++####****,*


You could see 2 electric eels.

Vanquished Creatures
  Sigmund (D:5)
  Eustachio (D:5)
  Menkaure (D:6)
  The ghost of psellion the Shield-Bearer, an amateur GrFi (D:3)
  Duvessa (D:4)
  An ice beast (D:5)
  2 sky beasts
  2 phantoms
  Blork the orc (D:5)
  Dowan (D:4)
  4 howler monkeys
  3 crimson imps
  A giant frog zombie (D:5)
  3 orc priests
  A hound (D:5)
  6 orc wizards
  2 giant frog skeletons
  Crazy Yiuf (D:5)
  2 iguanas
  3 worker ants
  2 hound skeletons (D:5)
  2 hound zombies
  A worker ant zombie (D:5)
  A howler monkey zombie (D:6)
  A gnoll (D:1)
  6 adders
  A shadow imp (D:7)
  An ooze (D:6)
  3 adder zombies
  An adder skeleton (D:6)
  A dart slug (D:2)
  5 worms
  6 giant geckos
  15 orcs
  3 ball pythons
  8 giant cockroaches
  4 goblins
  9 hobgoblins
  6 jackals
  2 quokkas (D:2)
  9 bats
  A giant gecko zombie (D:5)
  7 giant newts
  4 kobolds (D:2)
  5 rats
  A fungus (D:5)
  2 withered plants (D:5)
145 creatures vanquished.

Notes
Turn   | Place    | Note
--------------------------------------------------------------
     0 | D:1      | Yevrel the Minotaur Berserker began the quest for the Orb.
     0 | D:1      | Reached XP level 1. HP: 19/19 MP: 0/0
   249 | D:1      | Reached XP level 2. HP: 25/27 MP: 1/1
   612 | D:1      | Reached ** piety under Trog
   612 | D:1      | Reached XP level 3. HP: 29/33 MP: 2/2
  1028 | D:2      | Reached skill level 3 in Dodging
  1362 | D:2      | Found a deep blue altar of Sif Muna.
  1409 | D:2      | Reached XP level 4. HP: 33/41 MP: 3/3
  1600 | D:3      | Reached *** piety under Trog
  1777 | D:3      | Found a burning altar of Makhleb.
  1801 | D:3      | Noticed psellion's ghost (amateur GrFi)
  1811 | D:3      | Killed psellion's ghost
  1811 | D:3      | Reached skill level 5 in Maces & Flails
  1811 | D:3      | Reached skill level 4 in Dodging
  1811 | D:3      | Reached XP level 5. HP: 22/47 MP: 4/4
  2236 | D:4      | Reached skill level 5 in Dodging
  2236 | D:4      | Reached XP level 6. HP: 53/53 MP: 5/5
  2328 | D:4      | Noticed a sky beast
  2336 | D:4      | Killed a sky beast
  2336 | D:4      | Reached skill level 1 in Stealth
  2650 | D:4      | Noticed Duvessa
  2654 | D:4      | Noticed Dowan
  2661 | D:4      | Killed Duvessa
  2661 | D:4      | Reached skill level 6 in Dodging
  2662 | D:4      | Killed Dowan
  2662 | D:4      | Reached XP level 7. HP: 60/60 MP: 6/6
  2838 | D:4      | Reached skill level 5 in Fighting
  2985 | D:5      | Entered Level 5 of the Dungeon
  2990 | D:5      | Noticed Blork the orc
  2995 | D:5      | Noticed Sigmund
  2998 | D:5      | Killed Blork the orc
  3002 | D:5      | Killed Sigmund
  3002 | D:5      | Reached skill level 7 in Dodging
  3097 | D:5      | Noticed Eustachio
  3125 | D:5      | Reached XP level 8. HP: 46/68 MP: 7/7
  3126 | D:5      | Reached skill level 8 in Dodging
  3133 | D:5      | Killed Eustachio
  3190 | D:5      | Reached **** piety under Trog
  3407 | D:5      | Noticed Crazy Yiuf
  3413 | D:5      | Killed Crazy Yiuf
  3624 | D:5      | Got an ancient hand axe {vamp}
  3750 | D:5      | Reached skill level 9 in Dodging
  3802 | D:5      | Got a fine leather armour
  4150 | D:6      | Noticed Menkaure
  4161 | D:6      | Killed Menkaure
  4161 | D:6      | Reached skill level 1 in Staves
  4257 | D:6      | Reached skill level 10 in Dodging
  4453 | D:6      | Reached XP level 9. HP: 70/75 MP: 8/8
  4553 | D:6      | Found a staircase to the Ecumenical Temple.
  5041 | D:7      | Found Fitiupe's Book Shoppe.
  5060 | D:7      | Reached ***** piety under Trog
  5229 | D:7      | Killed from afar by an electric eel

Vault maps used:
D:1:      elethiomel_arrival_infinity_welcomes_careful_drivers,
          serial_bayou_pond_b
D:2:      lemuel_blue_sif_altar
D:3:      bloody_makhleb
D:4:      first_bread, uniq_duvessa
D:5:      serial_undead, serial_undead_c, serial_undead_b, serial_undead_c,
          serial_undead_d, uniq_sigmund, uniq_crazy_yiuf_cottage,
          uniq_eustachio, uniq_blork_the_orc
D:6:      minmay_temple_entry_from_below_a, nicolae_zen_rock_garden,
          wad_floor_pattern_1, uniq_menkaure
D:7:      serial_shops, shop, grunt_ogre_cave, fountainhead, kennysheep_dice

Skill      XL: |  1  2  3  4  5  6  7  8  9 |
---------------+----------------------------+-----
Fighting       | 4 5 6 |  6.4
Maces & Flails | 4 5 6 |  6.4
Dodging        | 3 4 5 6 7 10 | 10.2
Stealth        | 1 2 |  2.4
Armour         | 4 |  4.9
Staves         | 1 2 |  2.1

Action                   |  1- 3 |  4- 6 |  7- 9 || total
-------------------------+-------+-------+-------++-------
Melee: Mace              |    80 |    63 |   101 ||   244
       Quarterstaff      |       |       |    95 ||    95
Invok: Berserk           |     1 |     3 |     4 ||     8
  Use: Scroll            |       |       |    16 ||    16
       Potion            |       |       |     1 ||     1
  Eat: Fruit             |     1 |       |     1 ||     2
       Beef jerky        |     1 |       |       ||     1
       Bread ration      |       |     2 |     2 ||     4
       Royal jelly       |       |       |     1 ||     1
